 Dungeon Crawl Stone Soup version 0.13.0-26-gf7ffa3a (webtiles) character file.

4676 Kae the Bludgeoner (level 10, -2/81 HPs)
             Began as a Minotaur Berserker on Oct 30, 2013.
             Was an Elder of Trog.
             Killed from afar by an electric eel (13 damage)
             ... with a bolt of electricity
             ... on Level 8 of the Dungeon.
             The game lasted 00:17:46 (8295 turns).

Kae the Bludgeoner (Minotaur Berserker)             Turns: 8295, Time: 00:17:46

HP  -2/81        AC 11     Str 22      XL: 10   Next:  8%
MP   3/3         EV  9     Int  6      God: Trog [****..]
Gold 468         SH  0     Dex 11      Spells:  0 memorised,  9 levels left

Res.Fire  : . . .   See Invis. : .   b - +2,+1 orc whip (elec)
Res.Cold  : . . .   Warding    : +   I - +0 scale mail
Life Prot.: + . .   Conserve   : .   (no shield)
Res.Poison: .       Res.Corr.  : .   n - +1 orc wizard hat
Res.Elec. : .       Clarity    : .   K - +2 cloak
Sust.Abil.: . .     Spirit.Shd : .   (no gloves)
Res.Mut.  : .       Stasis     : .   (no boots)
Res.Rott. : .       Flight     : .   O - amulet of warding
Saprovore : . . .                    M - ring of protection from magic
                                     F - ring of sustenance

@: regenerating (expiring), extremely resistant to hostile enchantments,
extremely unstealthy
A: retaliatory headbutt, horns 2
a: Burn Spellbooks, Berserk, Trog's Hand, Brothers in Arms, Renounce Religion


You were on level 8 of the Dungeon.
You worshipped Trog.
Trog was greatly pleased with you.
You were hungry.

You visited 2 branches of the dungeon, and saw 9 of its levels.

You collected 448 gold pieces.

Inventory:

Hand weapons
 a - a +2,+0 flail of holy wrath
 b - a +2,+1 orcish whip of electrocution (weapon)
 z - a -1,+0 orcish war axe
Armour
 n - a +1 orcish wizard hat (worn)
 I - a +0 scale mail (worn)
 K - a +2 cloak (worn)
Magical devices
 h - a wand of magic darts (2)
 u - a wand of frost (8)
 G - a wand of fireball (7)
 H - a wand of flame (6)
Comestibles
 c - 6 bread rations
 f - a rambutan
 i - 3 meat rations
 p - 15 sultanas
 s - 2 chokos
 t - a pear
 B - a cheese
 L - 2 apples
Scrolls
 d - 3 scrolls of random uselessness
 e - 3 scrolls of remove curse
 g - 7 scrolls of identify
 j - 6 scrolls of teleportation
 k - a scroll of amnesia
 o - 2 scrolls of fear {unknown}
 q - a scroll of noise
 r - a scroll of enchant weapon III {unknown}
 v - a scroll of enchant armour
 x - 2 scrolls of curse weapon
 y - a scroll of curse armour
 N - a scroll of recharging
 P - a scroll of enchant weapon I {unknown}
Jewellery
 F - a ring of sustenance (left hand)
 M - a ring of protection from magic (right hand)
 O - an amulet of warding (around neck)
Potions
 l - 3 potions of curing
 m - 2 potions of invisibility {unknown}
 A - a potion of mutation
 E - a potion of heal wounds


   Skills:
 + Level 5.2 Fighting
 - Level 15.1 Maces & Flails
 * Level 6.2 Armour
 + Level 4.0 Dodging


You had 9 spell levels left.
You didn't know any spells.

Dungeon Overview and Level Annotations

Branches:
Dungeon (8/27)             Temple (1/1) D:4
    Orc: D:6-11        Lair: D:8-13

Altars:
Ashenzari
Elyvilon
Fedhas
Kikubaaqudgha
Makhleb
Nemelex Xobeh
Okawaru
Sif Muna
Trog
Vehumet
Xom
Zin
the Shining One


Innate Abilities, Weirdness & Mutations

You reflexively headbutt those who attack you in melee.
You have a pair of horns on your head.


Message History

The bolt of electricity hits you!
* * * LOW HITPOINT WARNING * * *
Drink which item? (? for menu, Esc to quit)
You feel much better.
The electric eel shoots out a bolt of electricity!
The bolt of electricity hits you!
* * * LOW HITPOINT WARNING * * *
The electric eel shoots out a bolt of electricity!
The bolt of electricity hits you!
* * * LOW HITPOINT WARNING * * *
The electric eel shoots out a bolt of electricity!
The bolt of electricity hits you!
* * * LOW HITPOINT WARNING * * *
The electric eel shoots out a bolt of electricity!
The bolt of electricity hits you!
* * * LOW HITPOINT WARNING * * *
Your skin is crawling a little less now.
The electric eel shoots out a bolt of electricity!
The bolt of electricity hits you!
You die...

#......##.. ..# #.#.#.....#
#.# #......#####...#
#.......... #.#
##......##...##.###.#.#.##...
#.#.##......##...##.#........
... #.#.##.#
#..##...##.#.;≈≈≈≈≈≈ ≈≈
#.#.##.###............≈≈≈≈≈≈≈
≈
......................≈≈######
.......###..#.#.###.#.;≈#
#.####.###..#...@..:..;≈#
..............#.###...≈≈#
#.####..##..#.#.###...≈≈#
#.####................≈≈#
......................≈≈#
#.####.#....#)#.####..≈≈≈≈ #.#
#.####.#.#... ...≈≈≈≈ ..#
#......#.#.####..... ###
##.....>.............


You could see 2 electric eels.

Vanquished Creatures
  The ghost of Zapata the Nimble, an experienced KoBe of Trog (D:5)
  Prince Ribbit (D:6)
  2 hippogriffs (D:7)
  Eustachio (D:6)
  Edmund (D:4)
  Menkaure (D:6)
  A necrophage (D:6)
  An ice beast (D:7)
  3 sky beasts
  2 manticores (D:8)
  2 ogres (D:6)
  A black bear (D:7)
  An orc warrior (D:8)
  2 phantoms (D:7)
  7 giant frogs
  A water moccasin (D:8)
  3 wights (D:6)
  Dowan (D:4)
  3 crimson imps
  5 hounds
  2 iguanas
  Crazy Yiuf (D:2)
  2 jellies
  2 orc priests (D:5)
  A black bear skeleton (D:7)
  3 orc wizards
  A scorpion (D:4)
  2 worker ants
  Ijyb (D:4)
  A gnoll (D:1)
  13 adders
  A worm zombie (D:6)
  2 giant mites (D:4)
  An inept feature mimic (D:4)
  A worm (D:6)
  2 adder zombies
  A giant eyeball (D:8)
  4 giant geckos
  An ooze (D:1)
  26 orcs
  19 bats
  A bat skeleton (D:5)
  4 giant cockroaches
  11 goblins
  12 hobgoblins
  14 jackals
  2 quokkas
  9 giant newts
  10 kobolds
  6 rats
  A ballistomycete (D:6)
  2 fungi
  A plant (D:1)
200 creatures vanquished.

Vanquished Creatures (others)
  Duvessa (D:4)
  An orc (D:6)
  A hobgoblin (D:6)
  A giant spore (D:6)
4 creatures vanquished.

Grand Total: 204 creatures vanquished

Notes
Turn   | Place    | Note
--------------------------------------------------------------
     0 | D:1      | Kae, the Minotaur Berserker, began the quest for the Orb.
     0 | D:1      | Reached XP level 1. HP: 19/19 MP: 0/0
    68 | D:1      | Reached skill level 4 in Maces & Flails
    71 | D:1      | Reached XP level 2. HP: 23/26 MP: 0/0
   367 | D:1      | Reached skill level 5 in Maces & Flails
   423 | D:1      | Acquired Trog's second power
   423 | D:1      | Reached XP level 3. HP: 20/33 MP: 1/1
  1139 | D:2      | Reached skill level 6 in Maces & Flails
  1139 | D:2      | Reached XP level 4. HP: 27/39 MP: 1/1
  1715 | D:2      | Noticed Crazy Yiuf
  1722 | D:2      | Killed Crazy Yiuf
  1989 | D:3      | Reached skill level 7 in Maces & Flails
  1989 | D:3      | Reached XP level 5. HP: 27/46 MP: 1/1
  2372 | D:3      | Acquired Trog's third power
  2423 | D:3      | Noticed a giant frog
  2433 | D:3      | Killed a giant frog
  2433 | D:3      | Reached skill level 8 in Maces & Flails
  2779 | D:3      | Reached XP level 6. HP: 49/52 MP: 2/2
  3229 | D:4      | Reached skill level 9 in Maces & Flails
  3537 | D:4      | Found a burning altar of Makhleb.
  3576 | D:4      | Noticed Edmund
  3594 | D:4      | Killed Edmund
  3594 | D:4      | Reached XP level 7. HP: 40/59 MP: 2/2
  3821 | D:4      | Noticed Duvessa
  3822 | D:4      | Noticed Dowan
  3835 | D:4      | Killed Duvessa
  3835 | D:4      | Reached skill level 10 in Maces & Flails
  3847 | D:4      | Killed Dowan
  4160 | D:4      | Found a staircase to the Ecumenical Temple.
  4171 | Temple   | Entered the Ecumenical Temple
  4372 | D:4      | Noticed Ijyb
  4381 | D:4      | Killed Ijyb
  4664 | D:5      | Entered Level 5 of the Dungeon
  4717 | D:5      | Reached skill level 11 in Maces & Flails
  4915 | D:5      | Noticed Zapata's ghost (experienced KoBe)
  4925 | D:5      | Killed Zapata's ghost
  4925 | D:5      | Reached skill level 12 in Maces & Flails
  4925 | D:5      | Reached XP level 8. HP: 66/66 MP: 2/2
  5487 | D:6      | Noticed Eustachio
  5493 | D:6      | Killed Eustachio
  5493 | D:6      | Reached skill level 13 in Maces & Flails
  5693 | D:6      | Noticed Prince Ribbit
  5718 | D:6      | Killed Prince Ribbit
  5718 | D:6      | Reached XP level 9. HP: 52/72 MP: 3/3
  5825 | D:6      | Reached skill level 14 in Maces & Flails
  5985 | D:6      | Noticed Menkaure
  6242 | D:6      | Killed Menkaure
  6565 | D:7      | Reached skill level 15 in Maces & Flails
  6980 | D:7      | Reached skill level 5 in Armour
  7102 | D:8      | Paralysed by a giant eyeball for 2 turns
  7108 | D:8      | Paralysed by a giant eyeball for 2 turns
  7115 | D:8      | Reached skill level 5 in Fighting
  7119 | D:8      | Paralysed by a giant eyeball for 3 turns
  7396 | D:8      | Reached XP level 10. HP: 55/81 MP: 3/3
  8295 | D:8      | Killed from afar by an electric eel

Action                   |  1- 3 |  4- 6 |  7- 9 | 10-12 || total
-------------------------+-------+-------+-------+-------++-------
Melee: Mace              |   104 |    27 |       |       ||   131
       Hammer            |       |    67 |       |       ||    67
       War axe           |       |    66 |     4 |       ||    70
       Flail             |       |       |    53 |     7 ||    60
       Whip              |       |       |   282 |    34 ||   316
Invok: Berserk           |       |     1 |     2 |       ||     3
       Trog's Hand       |       |     1 |     7 |     1 ||     9
       Burn Spellbooks   |       |     1 |     1 |     1 ||     3
Evoke: Wand              |       |       |     1 |       ||     1
  Use: Potion            |       |       |     2 |     6 ||     8
       Scroll            |       |       |    14 |     1 ||    15
 Stab: Distracted        |       |       |     1 |       ||     1
